 Dungeon Crawl Stone Soup version 0.25.0-9-g26727b657a (webtiles) character file.

Game seed: 13776181237809799478

1712 Flugkiller the Chopper (level 8, -6/78 HPs)
             Began as a Deep Dwarf Fighter on June 21, 2020.
             Was an Initiate of Makhleb.
             Mangled by an orc warrior
             ... wielding a +0 halberd
              (13 damage)
             ... on level 7 of the Dungeon.
             The game lasted 00:02:11 (2250 turns).

Flugkiller the Chopper (Deep Dwarf Fighter)         Turns: 2250, Time: 00:02:12

Health: -6/78      AC: 16    Str: 27    XL:     8   Next: 74%
Magic:  7/7        EV:  5    Int:  9    God:    Makhleb [......]
Gold:   199        SH: 11    Dex: 12    Spells: 7/7 levels left

rFire    + . .     SeeInvis .   a - +1 war axe
rCold    + . .     Gourm    .   c - +0 kite shield
rNeg     . . .     Faith    .   n - +0 plate armour
rPois    .         Spirit   .   o - +1 helmet of Disguise {*Drain Str+5}
rElec    .         Reflect  .   k - scarf {rC+ rF+}
rCorr    .         Harm     .   q - +0 pair of gloves
MR       +....                  (no boots)
Stlth    ..........             (no amulet)
HPRegen  0.00/turn              (no ring)
MPRegen  0.10/turn              (no ring)

@: non-regenerating
A: damage resistance, heal wounds, sense surroundings 1, no regeneration
a: Heal Wounds, Renounce Religion


You were on level 7 of the Dungeon.
You worshipped Makhleb.
Makhleb was noncommittal.
You were not hungry.

You visited 2 branches of the dungeon, and saw 8 of its levels.

You collected 199 gold pieces.

Inventory:

Hand Weapons
 a - a +1 war axe (weapon)
Armour
 b - a +0 scale mail
 c - a +0 kite shield (worn)
 g - a +2 helmet
   (You found it on level 2 of the Dungeon)
 k - a scarf of resistance (worn)
   (You found it on level 5 of the Dungeon)
 n - a +0 plate armour (worn)
   (You found it on level 1 of the Dungeon)
 o - the +1 helmet of Disguise (worn) {*Drain Str+5}
   (You found it on level 6 of the Dungeon)

   It affects your strength (+5).
   It causes draining when unequipped.
 q - a +0 pair of gloves (worn)
   (You found it on level 6 of the Dungeon)
Wands
 t - a wand of clouds (6)
   (You found it on level 7 of the Dungeon)
Scrolls
 f - 2 scrolls of enchant weapon
 i - a scroll of random uselessness {unknown}
 j - 2 scrolls of magic mapping {unknown}
 l - a scroll of noise {unknown}
 r - 2 scrolls of identify
 x - 2 scrolls of remove curse
Potions
 d - a potion of might
 h - 2 potions of haste
 m - 2 potions of degeneration {unknown}
 p - a potion of stabbing {unknown}
Comestibles
 e - 3 rations
 s - 3 chunks of flesh


   Skills:
 * Level 6.4 Fighting
 * Level 7.2 Axes
 + Level 5.9 Armour
 + Level 6.0 Shields
 + Level 2.0 Invocations


You had 7 spell levels left.
You didn't know any spells.
Your spell library was empty.

Dungeon Overview and Level Annotations

Branches:
Dungeon (7/15)             Temple (1/1) D:6

Altars:
Ashenzari
Cheibriados
Makhleb
Ru
Sif Muna
Wu Jian
The Shining One

Shops:
D:4 [


Innate Abilities, Weirdness & Mutations

You are resistant to damage.
You can heal yourself by infusing magical energy.
You passively map a small area around you.
You do not regenerate.


Message History

You are too injured to fight recklessly!
You are too injured to fight recklessly!
You are too injured to fight recklessly!
You fail to use your ability.
You closely miss the orc warrior. You block the orc warrior's attack.
You are too injured to fight recklessly!
You are too injured to fight recklessly!
Your shield and plate armour prevent you from hitting the orc warrior.
You block the orc warrior's attack.
You fail to use your ability.
The orc warrior hits you with a +0 halberd!
* * * LOW HITPOINT WARNING * * *
You are too injured to fight recklessly!
You hit the orc warrior but do no damage.
The orc warrior hits you with a +0 halberd!
* * * LOW HITPOINT WARNING * * *
You are too injured to fight recklessly!
You hit the orc warrior but do no damage.
The orc warrior hits you with a +0 halberd!
You die...

#...........## ..
.............##.#
..>...........#.# *
..............#.########
#.......................
##......................
, #)...............[.....
#.............)).......
#...........#..@o......
.#..........##.)$.......
©#©.#.#.##...#..........*
o#....#...##......###..#
.#......#.#######..# *.#
.#...##..... #..# ,.
.#.... ###.. #.# * #.. ,
, * .. , , * *


You could see an orc warrior.

Vanquished Creatures
  A centaur zombie (D:5)
  3 ice beasts
  4 ogres
  A bullfrog (D:7)
  2 scorpions (D:4)
  3 wights (D:7)
  A jelly (D:6)
  An orc priest (D:6)
  A centaur skeleton (D:7)
  A hound (D:6)
  3 orc wizards
  An iguana (D:6)
  6 worker ants
  A killer bee zombie (D:7)
  A hound skeleton (D:7)
  2 adders
  2 oozes
  An adder zombie (D:7)
  3 dart slugs
  3 worms
  15 orcs
  2 giant cockroaches
  2 goblins
  A hobgoblin (D:1)
  2 jackals (D:6)
  A bat (D:3)
  A frilled lizard (D:2)
  3 kobolds (D:2)
  2 rats
70 creatures vanquished.

Notes
Turn   | Place    | Note
-------+----------+-------------------------------------------
     0 | D:1      | Flugkiller the Deep Dwarf Fighter began the quest for the
                  | Orb.
     0 | D:1      | Reached XP level 1. HP: 20/20 MP: 1/1
    37 | D:2      | Reached XP level 2. HP: 21/27 MP: 2/2
   204 | D:4      | Noticed an ogre
   214 | D:4      | Killed an ogre
   214 | D:4      | Reached skill level 3 in Axes
   214 | D:4      | Reached XP level 3. HP: 34/34 MP: 3/3
   214 | D:4      | Reached XP level 4. HP: 43/43 MP: 4/4
   307 | D:4      | Reached XP level 5. HP: 43/50 MP: 5/5
   336 | D:4      | Found Oro Tunk's Antique Armour Boutique.
   369 | D:4      | Reached skill level 4 in Axes
   459 | D:4      | Reached XP level 6. HP: 41/57 MP: 6/6
   926 | D:5      | Entered Level 5 of the Dungeon
   997 | D:5      | Reached skill level 5 in Fighting
   997 | D:5      | Reached skill level 5 in Axes
   997 | D:5      | Reached XP level 7. HP: 57/67 MP: 7/7
  1051 | D:5      | Reached skill level 5 in Armour
  1051 | D:5      | Reached skill level 5 in Shields
  1180 | D:5      | Reached skill level 6 in Axes
  1508 | D:6      | Reached XP level 8. HP: 48/75 MP: 8/8
  1672 | D:6      | Got a heavily runed helmet
  1683 | D:6      | Identified the +1 helmet of Disguise {*Drain Str+5} (You
                  | found it on level 6 of the Dungeon)
  1760 | D:6      | Found an ornate altar of the Wu Jian Council.
  1834 | D:6      | Found a staircase to the Ecumenical Temple.
  1842 | Temple   | Entered the Ecumenical Temple
  1865 | Temple   | Became a worshipper of Makhleb the Destroyer
  2167 | D:7      | Reached skill level 7 in Axes
  2167 | D:7      | Reached skill level 1 in Invocations
  2250 | D:7      | Mangled by an orc warrior

Illustrated notes

Levels and vault maps discovered:
D:1:      lightli_arrival_boilingwater, layout_rooms, minivault_27,
          chequers_serial_rivers_room_a
D:2:      kennysheep_the_goblin_king, layout_basic, first_ration
D:3:      layout_basic, riverfiend_overflow_shadow_ancestor,
          portal_sewer_entry_d
D:4:      layout_loops_cross, serial_shops, nicolae_shop_waterfront
D:5:      layout_basic
D:6:      layout_rooms, nicolae_overflow_crystal_walls,
          gammafunk_temple_overflow_wave, minmay_temple_entry_nine_rooms,
          uniq_pikel
D:7:      gammafunk_beogh_shrine, layout_rooms
Temple:   nicolae_temple_hex_pool

Skill      XL: |  1  2  3  4  5  6  7  8 |
---------------+-------------------------+-----
Fighting       | 3 4 5 6 |  6.4
Axes           | 3 4 5 6 7 |  7.2
Shields        | 4 5 6 |  6.0
Armour         | 4 5 |  5.9
Invocations    | 2 |  2.0

Action                   |  1- 3 |  4- 6 |  7- 9 || total
-------------------------+-------+-------+-------++-------
Melee: War axe           |    31 |    71 |   146 ||   248
 Abil: Heal Wounds       |     3 |     1 |     6 ||    10
  Use: Scroll            |       |     6 |       ||     6
  Eat: Ration            |       |       |     2 ||     2
Armor: Scale mail        |    13 |    26 |    46 ||    85
       Plate armour      |       |       |    37 ||    37
Dodge: Dodged            |    14 |    20 |    37 ||    71
Block: Kite shield       |    13 |    32 |    94 ||   139
